[Event "ICC tourney 1905 (10 3)"]
[Site "Internet Chess Club"]
[Date "2020.07.05"]
[Round "7"]
[White "justinchess"]
[Black "PushU2Blunders"]
[Result "1/2-1/2"]
[ICCResult "Game drawn by mutual agreement"]
[WhiteElo "2162"]
[BlackElo "2154"]
[Opening "Queen's Indian: Yates variation"]
[ECO "E16"]
[NIC "QI.06"]
[Time "15:43:21"]
[TimeControl "600+3"]

1. d4 Nf6 2. c4 e6 3. Nf3 b6 4. g3 Bb7 5. Bg2 Bb4+ 6. Bd2 a5 7. O-O Bxd2 8.
Qxd2 O-O 9. Nc3 Ne4 10. Qd3 Nxc3 11. Qxc3 d5 12. cxd5 Bxd5 13. Rfc1 Na6 14.
Ne5 Bxg2 15. Kxg2 c5 16. Rd1 Qc7 17. dxc5 Nxc5 18. Nd7 Rfd8 19. Nxc5 bxc5
20. Rac1 Rxd1 21. Rxd1 h6 22. Rc1 Rb8 23. f3 a4 24. Rc2 Qd6 25. Rd2 Qc7 26.
Rc2 Qd6 27. Qe3 Qd5 28. a3 Rb3 29. Qc1 Qe5 30. Qd2 g5 31. Kf2
{Game drawn by mutual agreement}
1/2-1/2

[Event "ICC tourney 1905 (10 3)"]
[Site "Internet Chess Club"]
[Date "2020.07.05"]
[Round "7"]
[White "bpovo1394"]
[Black "Aniketshukla"]
[Result "1-0"]
[ICCResult "Black checkmated"]
[WhiteElo "1127"]
[BlackElo "1449"]
[Opening "French: Steinitz, Boleslavsky variation"]
[ECO "C11"]
[NIC "FR.04"]
[Time "15:42:55"]
[TimeControl "600+3"]

1. e4 e6 2. d4 d5 3. Nc3 Nf6 4. e5 Nfd7 5. f4 c5 6. Nf3 Nc6 7. Be3 a6 8. Qd2
b5 9. dxc5 Bxc5 10. Bd3 Qb6 11. Bf2 O-O 12. O-O Bb7 13. Qe2 Rae8 14. Bxh7+
Kh8 15. Bd3 g6 16. Ng5 Kg7 17. Qg4 Ne7 18. Ne2 Nf5 19. c3 a5 20. Ng3 Bxf2+
21. Rxf2 Ne3 22. Nh5+ gxh5 23. Nxe6+ Kh6 24. Qg7# {Black checkmated} 1-0

[Event "ICC tourney 1905 (10 3)"]
[Site "Internet Chess Club"]
[Date "2020.07.05"]
[Round "7"]
[White "Venegas"]
[Black "jy2020"]
[Result "1-0"]
[ICCResult "Black resigns"]
[WhiteElo "1673"]
[BlackElo "1708"]
[Opening "Queen's pawn game"]
[ECO "A46"]
[NIC "QP.06"]
[Time "15:43:00"]
[TimeControl "600+3"]

1. Nf3 Nf6 2. d4 e6 3. g3 d5 4. Bg2 Be7 5. O-O O-O 6. b3 b6 7. Bb2 Bb7 8. c4
Nbd7 9. Nc3 Ne4 10. Rc1 a6 11. Ne5 Bd6 12. Nxe4 dxe4 13. c5 Bxe5 14. c6 Bxc6
15. dxe5 Bd5 16. Qc2 Rc8 17. Rfd1 h6 18. Rd2 Qe7 19. Rcd1 Rfd8 20. Bxe4 Bxe4
21. Qxe4 Nc5 22. Qe3 Rxd2 23. Rxd2 Rd8 24. Ba3 Rxd2 25. Qxd2 Qd7 26. Qc2 Nb7
27. Qe4 Qd1+ 28. Kg2 Qd5 29. Qxd5 exd5 30. f4 c5 31. Kf3 Kf8 32. f5 Ke7 33.
Kf4 g5+ 34. Kg4 Na5 35. Kh5 Nc6 36. Kxh6 f6 37. e6 Nd4 38. Kg6 Nc2 39. Bb2
d4 40. h4 gxh4 41. gxh4 Ne3 42. h5 Nd5 43. Bc1 {Black resigns} 1-0

[Event "ICC tourney 1905 (10 3)"]
[Site "Internet Chess Club"]
[Date "2020.07.05"]
[Round "7"]
[White "gmRohde"]
[Black "TjkTiger"]
[Result "0-1"]
[ICCResult "White resigns"]
[WhiteElo "1875"]
[BlackElo "2182"]
[Opening "Sicilian: accelerated fianchetto, Mar?czy bind, 6.Be3"]
[ECO "B38"]
[NIC "QP.10"]
[Time "15:42:56"]
[TimeControl "600+3"]

1. Nf3 c5 2. c4 g6 3. d4 cxd4 4. Nxd4 Bg7 5. e4 Nc6 6. Be3 Qb6 7. Nb3 Qd8 8.
Nc3 Bxc3+ 9. bxc3 Nf6 10. Bd3 d6 11. O-O O-O 12. f4 Ng4 13. Qe2 Nxe3 14.
Qxe3 Qb6 15. Kf2 Qxe3+ 16. Kxe3 b6 17. Nd4 Na5 18. e5 dxe5 19. fxe5 Ba6 20.
e6 f6 21. Rf4 Bxc4 22. Nc6 Nxc6 23. Rxc4 Ne5 24. Rc7 Rac8 25. Rxc8 Rxc8 26.
Rc1 Kg7 27. Bb5 f5 28. Ba4 Kf6 29. Bb3 Nc4+ 30. Kd4 Nd6 31. a4 Ne4 32. Bd5
Nc5 33. Re1 Nxa4 {White resigns} 0-1

[Event "ICC tourney 1905 (10 3)"]
[Site "Internet Chess Club"]
[Date "2020.07.05"]
[Round "7"]
[White "kptl132"]
[Black "taupuri"]
[Result "1/2-1/2"]
[ICCResult "Game drawn by repetition"]
[WhiteElo "1486"]
[BlackElo "1313"]
[Opening "Caro-Kann: anti-anti-Caro-Kann defense"]
[ECO "B10"]
[NIC "CK.01"]
[Time "15:42:56"]
[TimeControl "600+3"]

1. e4 c6 2. c4 d5 3. exd5 cxd5 4. cxd5 Nf6 5. Nc3 Nxd5 6. Nf3 Nc6 7. Bb5
Nxc3 8. bxc3 Bg4 9. O-O e6 10. d4 Be7 11. Qd3 O-O 12. Bxc6 bxc6 13. Ne5 Bf5
14. Qf3 c5 15. Ba3 Qc7 16. Rac1 Bd6 17. Rfe1 Rac8 18. h3 Rfd8 19. g4 Bg6 20.
h4 Bxe5 21. Rxe5 h6 22. Bxc5 Rd7 23. h5 Bh7 24. Rce1 Qc6 25. Qe3 a6 26. f3
Rd5 27. Kf2 Rxe5 28. Qxe5 Qb5 29. Bb4 Qc4 30. a3 Qa2+ 31. Re2 Qc4 32. Re3
Qa2+ 33. Re2 Qc4 34. Re3 Qa2+ 35. Re2 {Game drawn by repetition} 1/2-1/2

[Event "ICC tourney 1905 (10 3)"]
[Site "Internet Chess Club"]
[Date "2020.07.05"]
[Round "7"]
[White "chessmate09520"]
[Black "ganzy"]
[Result "0-1"]
[ICCResult "White checkmated"]
[WhiteElo "1367"]
[BlackElo "1415"]
[Opening "Sicilian defense"]
[ECO "B30"]
[NIC "SI.31"]
[Time "15:43:05"]
[TimeControl "600+3"]

1. e4 c5 2. Nf3 Nc6 3. c3 d5 4. exd5 Qxd5 5. d4 Nf6 6. Be2 cxd4 7. cxd4 e6
8. O-O Be7 9. Nc3 Qd6 10. a3 O-O 11. Qb3 Nxd4 12. Nxd4 Qxd4 13. Be3 Qh4 14.
Rfd1 Ng4 15. Bxg4 Qxg4 16. Rd4 Qg6 17. Rad1 b6 18. h3 e5 19. Nd5 Bd6 20.
Nf6+ gxf6 21. Rxd6 Bxh3 22. Qd5 Rac8 23. Bd2 Rc5 24. Qb7 e4 25. g3 Bg4 26.
Rc1 Rh5 27. f4 Bc8 28. Rxc8 Qxg3+ 29. Kf1 Rh1+ 30. Ke2 Qf3# {White
checkmated} 0-1

[Event "ICC tourney 1905 (10 3)"]
[Site "Internet Chess Club"]
[Date "2020.07.05"]
[Round "7"]
[White "musk6868"]
[Black "IAlwaysWin"]
[Result "0-1"]
[ICCResult "White forfeits on time"]
[WhiteElo "1681"]
[BlackElo "1508"]
[Opening "Caro-Kann: classical variation"]
[ECO "B18"]
[NIC "CK.10"]
[Time "15:43:30"]
[TimeControl "600+3"]

1. e4 c6 2. d4 d5 3. Nc3 dxe4 4. Nxe4 Bf5 5. Ng3 Bg6 6. Nf3 e6 7. h4 h6 8.
h5 Bh7 9. Bd3 Bxd3 10. Qxd3 Nf6 11. Bd2 Be7 12. O-O-O O-O 13. Ne4 Nxe4 14.
Qxe4 Qd5 15. Qxd5 cxd5 16. g4 Nc6 17. g5 hxg5 18. Bxg5 f6 19. Be3 Kf7 20.
Nh4 Bd6 21. Ng6 Rfe8 22. c3 Ne7 23. Rdg1 Nf5 24. Kd2 b5 25. h6 gxh6 26. Bxh6
Rg8 27. Bf4 Rxg6 28. Rh7+ Rg7 29. Rgxg7+ Nxg7 30. Bxd6 Rd8 31. Bc5 a6 32.
Kd3 e5 33. f3 Kg6 34. Rh1 Nh5 35. Rg1+ Kf5 {White forfeits on time} 0-1

[Event "ICC tourney 1905 (10 3)"]
[Site "Internet Chess Club"]
[Date "2020.07.05"]
[Round "7"]
[White "Kiwimonster31"]
[Black "KnightHopper"]
[Result "0-1"]
[ICCResult "White checkmated"]
[WhiteElo "1483"]
[BlackElo "1792"]
[Opening "Sicilian: dragon, Yugoslav attack, 10.O-O-O"]
[ECO "B78"]
[NIC "SI.18"]
[Time "15:43:26"]
[TimeControl "600+3"]

1. e4 c5 2. Nf3 d6 3. d4 cxd4 4. Nxd4 Nf6 5. Nc3 g6 6. Be3 Bg7 7. f3 O-O 8.
Qd2 Nc6 9. Bc4 Bd7 10. O-O-O Rc8 11. Bb3 Nxd4 12. Bxd4 b5 13. Nd5 Nxd5 14.
exd5 Bxd4 15. Qxd4 a5 16. a3 Rc5 17. h4 Qc7 18. Rd2 Rc8 19. c3 b4 20. axb4
axb4 21. c4 Ba4 22. Qd3 Bxb3 23. Qxb3 Rxc4+ 24. Kb1 Rc1+ 25. Rxc1 Qxc1+ 26.
Ka2 Ra8+ 27. Qa3 Ra4 28. Qxa4 Qxd2 29. Qa8+ Kg7 30. Qb7 h5 31. Kb3 Qxg2 32.
Qxe7 Qxf3+ 33. Kc4 Qf6 34. Qxf6+ Kxf6 35. Kxb4 g5 36. hxg5+ Ke5 37. Kc4 h4
38. b4 h3 39. b5 h2 40. b6 h1=Q 41. Kb5 Qxd5+ 42. Ka6 Qc6 43. Ka7 Qc5 44.
Kb7 Ke6 45. Ka6 Kd7 46. b7 Kc7 47. g6 Qb6# {White checkmated} 0-1

[Event "ICC tourney 1905 (10 3)"]
[Site "Internet Chess Club"]
[Date "2020.07.05"]
[Round "7"]
[White "allez"]
[Black "Openyagami"]
[Result "1/2-1/2"]
[ICCResult "White stalemated"]
[WhiteElo "2078"]
[BlackElo "2825"]
[Opening "Benk? gambit half accepted"]
[ECO "A57"]
[NIC "BI.43"]
[Time "15:43:29"]
[TimeControl "600+3"]

1. d4 Nf6 2. c4 c5 3. d5 b5 4. cxb5 a6 5. e3 g6 6. Nc3 Bg7 7. Nf3 O-O 8. a4
d6 9. e4 e6 10. dxe6 Bxe6 11. Be2 axb5 12. Bxb5 d5 13. exd5 Nxd5 14. Nxd5
Bxd5 15. O-O Nc6 16. Bg5 Qd6 17. Bc4 Nd4 18. Bxd5 Qxd5 19. Be3 Nxf3+ 20.
Qxf3 Qxf3 21. gxf3 Bxb2 22. Ra2 Bd4 23. Bxd4 cxd4 24. Rd1 Rfd8 25. a5 Ra6
26. Rad2 Rd5 27. Rxd4 Rg5+ 28. Kf1 Rgxa5 29. Rd5 Ra3 30. R5d3 R3a4 31. Rd4
Ra2 32. R4d2 Kg7 33. Rxa2 Rxa2 34. Rd6 h5 35. Kg2 h4 36. h3 Kh6 37. Rd4 Kg5
38. Rg4+ Kh5 39. Rf4 Ra7 40. Rb4 Rc7 41. Rb5+ Kh6 42. Rb4 Kg5 43. Rb5+ f5
44. Rb6 Rc4 45. Ra6 Rb4 46. Rc6 Rb8 47. Ra6 Rg8 48. Rb6 Kh5 49. Rb5 Rc8 50.
Ra5 Kg5 51. Rb5 Rc4 52. Rb6 Rd4 53. Ra6 Rb4 54. Rc6 Rb7 55. Ra6 Rg7 56. Rb6
Kf4 57. Rb4+ Kg5 58. Rb6 Rd7 59. Ra6 Kh5 60. Ra5 Rd2 61. Rb5 Kg5 62. Ra5 Kf4
63. Ra4+ Kg5 64. Ra5 Rc2 65. Rb5 Ra2 66. Rc5 Kh6 67. Rb5 Kh5 68. Rc5 Re2 69.
Rb5 Ra2 70. Rc5 Kg5 71. Rb5 Kf4 72. Rb4+ Kg5 73. Rb5 Ra4 74. Rc5 Kf4 75. Rc6
g5 76. Rc8 Rb4 77. Ra8 Rd4 78. Rb8 Rd3 79. Rb4+ Ke5 80. Rb5+ Rd5 81. Rb4 Rd4
82. Rb5+ Kf4 83. Rb8 Rc4 84. Ra8 Rb4 85. Ra7 Rd4 86. Rb7 Rd3 87. Rb4+ Ke5
88. Rb5+ Kf6 89. Rb6+ Kf7 90. Rb7+ Kg6 91. Rb6+ Kh5 92. Rb5 Kg6 93. Rb6+ Kg7
94. Rb7+ Kf6 95. Rb6+ Ke5 96. Rb5+ Rd5 97. Rb4 Rd4 98. Rb5+ Kf4 99. Ra5 Rc4
100. Rb5 g4 101. fxg4 fxg4 102. hxg4 Kxg4 103. Rb1 Rf4 104. f3+ Rxf3 105.
Rb4+ Rf4 106. Rxf4+ Kxf4 107. Kh3 Kg5 108. Kh2 Kg4 109. Kg2 h3+ 110. Kh2 Kh4
111. Kh1 Kg3 112. Kg1 h2+ 113. Kh1 Kh3 {White stalemated} 1/2-1/2

[Event "ICC tourney 1905 (10 3)"]
[Site "Internet Chess Club"]
[Date "2020.07.05"]
[Round "7"]
[White "playtowin2020"]
[Black "JosephLevine"]
[Result "1-0"]
[ICCResult "Black checkmated"]
[WhiteElo "1581"]
[BlackElo "1657"]
[Opening "French: advance, Paulsen attack"]
[ECO "C02"]
[NIC "FR.03"]
[Time "15:43:46"]
[TimeControl "600+3"]

1. e4 e6 2. d4 d5 3. e5 c5 4. c3 Nc6 5. Nf3 Qb6 6. Be2 cxd4 7. cxd4 Nge7 8.
O-O Nf5 9. Be3 Qxb2 10. Nbd2 Nfxd4 11. Nxd4 Nxd4 12. Qa4+ Nc6 13. Rab1 Qxe5
14. Rfc1 Bd6 15. Nf3 Qf5 16. Nd4 Qg6 17. Nxc6 O-O 18. Nxa7 e5 19. Bb6 Bf5
20. Ra1 e4 21. Qd4 Bf4 22. Rd1 Rfe8 23. Qxd5 Bh3 24. g3 Qxb6 25. Rab1 Qg6
26. Rxb7 e3 27. fxe3 Bxe3+ 28. Kh1 Rxa7 29. Bh5 Qf6 30. Bxf7+ Kh8 31. Bxe8
Bg4 32. Bh5 Bf3+ 33. Bxf3 Ra8 34. Rf7 Qa6 35. Qd8+ Rxd8 36. Rxd8#
{Black checkmated}
1-0

[Event "ICC tourney 1905 (10 3)"]
[Site "Internet Chess Club"]
[Date "2020.07.05"]
[Round "7"]
[White "Sina101"]
[Black "nicochasin"]
[Result "1-0"]
[ICCResult "Black resigns"]
[WhiteElo "1528"]
[BlackElo "1702"]
[Opening "Nimzo-Indian: S?misch variation"]
[ECO "E24"]
[NIC "NI.18"]
[Time "15:42:52"]
[TimeControl "600+3"]

1. d4 Nf6 2. c4 e6 3. Nc3 Bb4 4. a3 Bxc3+ 5. bxc3 d6 6. e3 O-O 7. Bd3 c5 8.
Ne2 b6 9. e4 Nc6 10. Bg5 h6 11. Bh4 Ba6 12. O-O e5 13. d5 Na5 14. f4 exf4
15. Nxf4 g5 16. Nh5 Nd7 17. e5 dxe5 18. Qg4 Bxc4 19. Bxc4 Nxc4 20. Qxc4 gxh4
21. Rf5 Kh8 22. Raf1 f6 23. Qxh4 Qe7 24. Nxf6 Nxf6 25. Rxf6 Rxf6 26. Rxf6
Qg7 27. Rxh6+ Kg8 28. Qh5 Qf7 29. Rh8+ {Black resigns} 1-0

[Event "ICC tourney 1905 (10 3)"]
[Site "Internet Chess Club"]
[Date "2020.07.05"]
[Round "7"]
[White "investigator"]
[Black "Kyle2007"]
[Result "0-1"]
[ICCResult "White resigns"]
[WhiteElo "1557"]
[BlackElo "1496"]
[Opening "English: symmetrical, Botvinnik system reversed"]
[ECO "A37"]
[NIC "EO.28"]
[Time "15:43:06"]
[TimeControl "600+3"]

1. c4 c5 2. Nf3 g6 3. Nc3 Nc6 4. g3 Bg7 5. Bg2 e5 6. O-O Nge7 7. a3 O-O 8.
d3 d6 9. Bg5 h6 10. Bxe7 Nxe7 11. Nd2 Rb8 12. b4 b6 13. Qb3 Bb7 14. b5 Bxg2
15. Kxg2 f5 16. a4 Qd7 17. a5 f4 18. Nde4 Nf5 19. axb6 axb6 20. Nd5 Nd4 21.
Qd1 Nxe2 22. Qxe2 f3+ 23. Qxf3 Rxf3 24. Kxf3 Qh3 25. Ke2 Qh5+ 26. f3 Qxh2+
27. Rf2 Qh3 28. Ra7 Qh1 29. Rf1 Qg2+ 30. Rf2 Qh1 31. Rf1 Qg2+ 32. Ke1 Qc2
33. Ndf6+ Kh8 34. Nd7 Rd8 35. Nxb6 Qxd3 36. Ra1 Rf8 37. Nd7 Rxf3 38. Rxf3
Qxe4+ 39. Kf2 Qd4+ 40. Ke2 Qxa1 41. b6 Qb2+ 42. Kf1 e4 43. Rf2 Qb1+ 44. Kg2
e3 45. Re2 Qe4+ 46. Kg1 Bd4 47. Kh2 Qd3 48. Re1 Qd2+ 49. Kh3 Qxe1 50. b7
Qh1+ {White resigns} 0-1

[Event "ICC tourney 1905 (10 3)"]
[Site "Internet Chess Club"]
[Date "2020.07.05"]
[Round "7"]
[White "GeneraLisimus"]
[Black "helavir"]
[Result "1/2-1/2"]
[ICCResult "Game drawn by mutual agreement"]
[WhiteElo "2865"]
[BlackElo "2190"]
[Opening "Caro-Kann: two knights, 3...Bg4"]
[ECO "B11"]
[NIC "CK.01"]
[Time "15:43:03"]
[TimeControl "600+3"]

1. e4 c6 2. Nc3 d5 3. Nf3 Bg4 4. h3 Bxf3 5. Qxf3 Nf6 6. d3 e6 7. Be2 Bc5 8.
Qg3 O-O 9. Bg5 Be7 10. h4 Nbd7 11. O-O-O Kh8 12. e5 Ng8 13. d4 f6 14. exf6
Bxf6 15. Bd3 e5 16. f3 exd4 17. Ne2 Qb8 18. Qxb8 Raxb8 19. Bxf6 Ngxf6 20.
Nxd4 Rbe8 21. Rde1 Nc5 22. b4 Nxd3+ 23. cxd3 Kg8 24. Kd2 Rxe1 25. Rxe1 Re8
26. Re3 Kf7 27. Nf5 Rxe3 28. Kxe3 Ne8 29. Kf4 Ke6 30. g4 b6 31. h5 c5 32.
bxc5 bxc5 33. g5 g6 34. hxg6 hxg6 35. Nh4 Kf7 36. Ke5 c4 37. dxc4 dxc4 38.
Kd4 Nd6 39. f4 Ke6 40. Nxg6 Kf5 41. Ne7+ Kxf4 42. g6 Ne8 43. Kxc4 Kg5 44. a4
Kf6 45. Nc6 a6 46. Kc5 Kxg6 47. Kb6 Kf6 48. Kxa6 Nd6 49. Kb6 Ke6 50. Kc7 Nc4
51. Nb4 Ke5 52. Kc6 Kd4 53. Kb5 Nd6+ 54. Kc6 Nc4 55. Na6 Nb2
{Game drawn by mutual agreement}
1/2-1/2

[Event "ICC tourney 1905 (10 3)"]
[Site "Internet Chess Club"]
[Date "2020.07.05"]
[Round "7"]
[White "davika21"]
[Black "MrNormalName"]
[Result "1/2-1/2"]
[ICCResult "Game drawn because neither player has mating material"]
[WhiteElo "1576"]
[BlackElo "1720"]
[Opening "Ruy Lopez: Berlin defense, open variation"]
[ECO "C67"]
[NIC "RL.07"]
[Time "15:43:05"]
[TimeControl "600+3"]

1. e4 e5 2. Nf3 Nc6 3. Bb5 Nf6 4. O-O Nxe4 5. d4 Nd6 6. Bxc6 dxc6 7. dxe5
Nf5 8. Qxd8+ Kxd8 9. Nbd2 Be7 10. b3 Nh4 11. Nxh4 Bxh4 12. Nf3 Be7 13. Bb2
Bg4 14. Rad1+ Ke8 15. Rd3 Bxf3 16. gxf3 Rd8 17. Rfd1 Rxd3 18. Rxd3 h5 19. f4
g6 20. Kg2 Rg8 21. Kf3 Bc5 22. Bd4 Bxd4 23. Rxd4 Ke7 24. h4 b6 25. Ke4 Ke6
26. b4 Ra8 27. Rc4 Kd7 28. Rd4+ Kc8 29. f5 c5 30. bxc5 bxc5 31. Rd5 Rb8 32.
a3 gxf5+ 33. Kxf5 Rb1 34. Rxc5 Kd7 35. Kf6 Rf1 36. Kxf7 Rxf2+ 37. Kg6 c6 38.
Kxh5 Rf3 39. Kg6 Rg3+ 40. Kf5 Rxa3 41. e6+ Kd6 42. Rc4 Rf3+ 43. Rf4 Re3 44.
Re4 Rxe4 45. Kxe4 Kxe6 46. Kd4 Kf5 47. Kc4 Kg4 48. Kb4 Kxh4 49. Ka5 Kg5 50.
Ka6 Kf5 51. Kxa7 Ke5 52. Kb6 Kd5 53. c4+ Kd6 54. Kb7 Kc5 55. Kc7 Kxc4 56.
Kxc6 {Game drawn because neither player has mating material} 1/2-1/2

[Event "ICC tourney 1905 (10 3)"]
[Site "Internet Chess Club"]
[Date "2020.07.05"]
[Round "7"]
[White "Kokoro"]
[Black "Pschaak"]
[Result "1-0"]
[ICCResult "Black resigns"]
[WhiteElo "1841"]
[BlackElo "2086"]
[Opening "English: symmetrical, four knights system"]
[ECO "A30"]
[NIC "EO.64"]
[Time "15:43:30"]
[TimeControl "600+3"]

1. c4 c5 2. Nf3 Nf6 3. Nc3 Nc6 4. d4 cxd4 5. Nxd4 g6 6. e4 Bg7 7. Nc2 d6 8.
Be2 Be6 9. O-O O-O 10. Be3 a6 11. h3 Rb8 12. a4 Na5 13. Na3 Nd7 14. Rc1 Nc5
15. b4 Bxc3 16. Rxc3 Nxe4 17. Rc1 Nc6 18. b5 axb5 19. cxb5 Ne5 20. Qd4 Nf6
21. Bg5 Ra8 22. Nc2 Bb3 23. Qb2 Bxa4 24. Ne3 Qd7 25. Bxf6 exf6 26. f4 f5 27.
Nd5 Qd8 28. fxe5 dxe5 29. Qxe5 f6 30. Qb2 Kg7 31. Rc7+ Rf7 32. Rxf7+ Kxf7
33. Bc4 Kg7 34. Re1 Qd6 35. Re7+ Kh6 36. Qxf6 Qxf6 37. Nxf6 Rc8 38. Be2 Kg5
39. Nxh7+ Kf4 40. Kf2 Rc3 41. Rxb7 Bc2 42. Re7 Be4 43. b6 Rb3 44. h4 Bxg2
45. Ng5 Rxb6 46. Re8 Rb3 47. Kxg2 Re3 48. Rxe3 Kxe3 49. Bf3 Kf4 50. Kf2 Ke5
51. Ke3 Kf6 52. Kf4 Kg7 53. Ke5 Kh6 54. Kf4 Kg7 55. Nh3 Kh6 56. Nf2 Kg7 57.
Nd3 Kf6 58. Nc5 Kg7 59. Kg5 Kh7 60. Ne6 Kg8 61. Kxg6 Kh8 62. Nf4 Kg8 63.
Kxf5 Kg7 64. Kg5 Kg8 65. Kg6 Kh8 66. Kh6 Kg8 67. Bd5+ Kf8 68. Ng6+ Ke8 69.
Kg7 Kd7 70. Kf6 Kd6 71. Be6 Kc7 72. Ke7 Kc6 73. h5 Kb7 74. h6 Kc7 75. h7 Kb7
76. Kd6 Ka7 77. Kc6 Ka6 78. Bb3 Ka5 79. Kc5 Ka6 80. h8=Q Kb7 81. Bd5+ Kc7
82. Qg7+ Kc8 83. Qb7+ Kd8 84. Qe7+ Kc8 85. Bb7+ Kb8 86. Ne5 {Black resigns}
1-0

[Event "ICC tourney 1905 (10 3)"]
[Site "Internet Chess Club"]
[Date "2020.07.05"]
[Round "7"]
[White "Aleksandrov73"]
[Black "Xuanli28"]
[Result "1-0"]
[ICCResult "Black resigns"]
[WhiteElo "2290"]
[BlackElo "1673"]
[Opening "King's Indian: Makagonov system (5.h3)"]
[ECO "E71"]
[NIC "KI.30"]
[Time "15:43:46"]
[TimeControl "600+3"]

1. d4 Nf6 2. c4 g6 3. Nc3 Bg7 4. e4 d6 5. h3 O-O 6. Be3 e5 7. d5 Nbd7 8. Nf3
h6 9. g4 Ne8 10. Qd2 Kh7 11. Bd3 a5 12. O-O-O Nc5 13. Bc2 Bd7 14. Kb1 Qb8
15. Ka1 a4 16. Qe2 Rh8 17. Rhg1 Kg8 18. Kb1 Kf8 19. Ne1 Kg8 20. Nd3 b6 21.
a3 Nxd3 22. Qxd3 g5 23. Qd2 Qd8 24. f3 Bf6 25. Rh1 Bg7 26. Rdg1 f6 27. Qd1
Kf7 28. h4 Qe7 29. h5 Bf8 30. Bxa4 Bxa4 31. Nxa4 Qd7 32. Nc3 Ng7 33. Kc2 Be7
34. Kd3 Rhb8 35. a4 Ne8 36. Ke2 Bd8 37. Kf2 Ra6 38. Kg3 Rba8 39. b3 Rb8 40.
Qd3 Raa8 41. Ra1 Rb7 42. Rhc1 Be7 43. b4 Qc8 44. Ra2 Ra6 45. c5 Ra8 46. c6
Rba7 47. Rca1 Qa6 48. Qxa6 Rxa6 49. b5 R6a7 50. Nd1 Bd8 51. Nb2 Rb8 52. Nc4
Raa8 53. Kf2 f5 54. gxf5 Nf6 55. Rh1 Kg7 56. Ke2 Ng8 57. Kd3 Ne7 58. Kc3 Nc8
59. Kb4 Na7 60. Rha1 Nc8 61. a5 bxa5+ 62. Rxa5 Rxa5 63. Rxa5 Kf7 64. Ra6 Ke8
65. Na5 Be7 66. Nb7 Bd8 67. Ka5 Bf6 68. b6 Bd8 69. Nxd8 Kxd8 70. b7 Ke8 71.
Ra8 {Black resigns} 1-0

[Event "ICC tourney 1905 (10 3)"]
[Site "Internet Chess Club"]
[Date "2020.07.05"]
[Round "7"]
[White "danbron"]
[Black "dopolian"]
[Result "0-1"]
[ICCResult "White resigns"]
[WhiteElo "1881"]
[BlackElo "2074"]
[Opening "Scotch gambit: Dubois-R?ti defense"]
[ECO "C55"]
[NIC "KP.02"]
[Time "15:43:13"]
[TimeControl "600+3"]

1. e4 e5 2. Nf3 Nc6 3. d4 exd4 4. Bc4 Nf6 5. e5 d5 6. Bb5 Ne4 7. Nxd4 Bc5 8.
Be3 O-O 9. Bxc6 bxc6 10. O-O Bxd4 11. Bxd4 c5 12. Be3 d4 13. Bf4 c4 14. Nd2
Nxd2 15. Qxd2 c5 16. Bg5 Qd5 17. Qf4 Re8 18. Rfe1 h6 19. Bh4 Bb7 20. Qg3 Re6
21. Bf6 Qxg2+ 22. Qxg2 Bxg2 23. Kxg2 gxf6 24. exf6 Rae8 25. Rxe6 Rxe6 26. b3
c3 27. Kf3 Rxf6+ 28. Ke2 Kf8 29. Rf1 Ke7 30. Kd3 Kd6 31. Kc4 Rf4 32. a3 a5
33. Kb5 Kd5 34. Kxa5 d3 35. cxd3 Kd4 36. Kb5 Kxd3 37. Kxc5 Rf5+ 38. Kb6 Kc2
39. b4 Kb3 40. b5 Kxa3 41. Kc6 c2 42. b6 Rxf2 43. Rc1 Rf6+ 44. Kc7 Rxb6 45.
Kxb6 Kb2 46. Rh1 c1=Q 47. Rxc1 Kxc1 48. Kc5 Kd2 49. Kd4 Ke2 50. Ke4 Kf2 51.
Kf4 Kg2 52. h4 Kh3 53. h5 Kh4 54. Kf5 Kxh5 55. Kf4 Kg6 {White resigns} 0-1

[Event "ICC tourney 1905 (10 3)"]
[Site "Internet Chess Club"]
[Date "2020.07.05"]
[Round "7"]
[White "Candychessguru"]
[Black "Venom2020"]
[Result "0-1"]
[ICCResult "White resigns"]
[WhiteElo "1639"]
[BlackElo "1867"]
[Opening "Dutch: Staunton gambit, Staunton's line"]
[ECO "A83"]
[NIC "HD.11"]
[Time "15:43:12"]
[TimeControl "600+3"]

1. d4 f5 2. e4 fxe4 3. Nc3 Nf6 4. Bg5 Nc6 5. f3 d5 6. Bxf6 exf6 7. fxe4 dxe4
8. d5 Ne5 9. Nxe4 f5 10. Nc3 Bc5 11. Qe2 O-O 12. O-O-O Ng4 13. Nh3 Re8 14.
Qc4 Bd6 15. Qd4 Bd7 16. Bb5 Be5 17. Qa4 Bxb5 18. Nxb5 Qf6 19. c3 a6 20. Nd4
b5 21. Qb3 Bxd4 22. Rxd4 Kh8 23. Nf4 Re4 24. Ne6 Rxd4 25. Nxd4 Nf2 26. Rf1
Qg5+ 27. Kb1 Qxg2 28. Re1 Ne4 29. Qc2 Qxc2+ 30. Kxc2 g6 31. Ne6 Rc8 32. Kd3
Kg8 33. Kd4 Kf7 34. Ke5 c6 35. Nd4 cxd5 36. a4 Nxc3 37. Rc1 Re8+ 38. Kd6
Nxa4 39. Rc7+ Kf6 40. b3 Rd8+ 41. Kc6 Nb2 42. Rxh7 Ke5 43. Nf3+ Kf4 44. Nd4
Ke5 45. Nf3+ Ke4 46. Ng5+ Kd3 47. Ne6 Rc8+ 48. Kxd5 Kc3 49. Rh3+ Kb4 50. Nd4
Rd8+ 51. Ke5 Re8+ 52. Kd5 Rd8+ 53. Ke5 Re8+ 54. Kd6 Nd1 55. Nc6+ Ka3 56. b4+
Kb2 57. Rg3 Re2 58. h4 Rh2 59. Rxg6 Rxh4 60. Kc5 Rc4+ 61. Kb6 Nc3 62. Kxa6
Ka3 63. Rf6 f4 64. Kb6 Ka4 65. Rf8 Nd5+ 66. Kb7 Nxb4 67. Ra8+ Kb3 68. Na5+
Kc3 69. Nxc4 bxc4 70. Rf8 Nd3 71. Kc6 Kd2 72. Kd5 c3 73. Ke4 Nc5+ 74. Kf3 c2
75. Rd8+ Nd3 76. Ke4 c1=Q 77. Rxd3+ Ke2 78. Rh3 Qe3+ 79. Rxe3+ fxe3 80. Kf4
Kf2 81. Ke4 e2 82. Kd5 e1=Q 83. Kd4 Qe3+ 84. Kd5 Ke2 85. Kd6 Kd3 86. Kd5
Qe4+ 87. Kc5 Qc4+ 88. Kd6 Qb5 89. Ke6 Ke4 90. Kd6 Qb6+ 91. Ke7 Ke5
{White resigns}
0-1

[Event "ICC tourney 1905 (10 3)"]
[Site "Internet Chess Club"]
[Date "2020.07.05"]
[Round "7"]
[White "GutsyEdge"]
[Black "andrewjiang2"]
[Result "1/2-1/2"]
[ICCResult "Game drawn by mutual agreement"]
[WhiteElo "1128"]
[BlackElo "1139"]
[Opening "QGD: Ragozin variation"]
[ECO "D38"]
[NIC "NI.27"]
[Time "15:43:46"]
[TimeControl "600+3"]

1. d4 d5 2. Nf3 Nf6 3. c4 e6 4. Nc3 Bb4 5. Qa4+ Nc6 6. Bg5 dxc4 7. e3 O-O 8.
Bxc4 h6 9. Bxf6 Qxf6 10. O-O a6 11. Qc2 Bxc3 12. bxc3 e5 13. d5 Ne7 14. Bd3
Nxd5 15. Be4 Nb6 16. a4 a5 17. c4 c5 18. Rab1 Re8 19. Rfd1 Qe6 20. Bd5 Nxd5
21. cxd5 Qd6 22. Rb5 b6 23. Qb3 Rb8 24. Nd2 Ba6 25. Nc4 Qd8 26. d6 Bxb5 27.
Qxb5 Qg5 28. d7 Red8 29. Qc6 Qg4 30. Qd5 Rxd7 31. Qxd7 Qxc4 32. h3 b5 33.
axb5 Qxb5 34. Qc7 c4 35. Rc1 a4 36. Qxc4 Qa5 37. Ra1 Ra8 38. Ra3 Qe1+ 39.
Qf1 Qd2 40. Qa1 Qb4 41. g3 e4 42. Kg2 Qb5 43. Qd4 Qf5 44. Qd1 Kh7 45. Kg1
Qxh3 46. Rxa4 Re8 47. Qd5 Qg4 48. Rd4 f6 49. Qc6 Re5 50. Qd7 Qf3 51. Qh3 Rh5
52. Qg2 Qe2 53. Qxe4+ f5 54. Qb1 Qf3 55. Rh4 Rg5 56. Qe1 Rg6 57. Rf4 Qd5 58.
Qb1 Rg5 59. Rh4 Qd6 60. Kg2 Qc6+ 61. Kg1 Qc5 62. Rf4 Kg6 63. Qb8 Qc1+ 64.
Kg2 Rh5 65. Qe8+ Kg5 66. Qe7+ Kg6 67. Qe6+ Kh7 68. Rh4 Rxh4 69. Qxf5+ Kh8
70. gxh4 Qc6+ 71. Qf3 Qg6+ 72. Qg3 Qe4+ 73. Kh2 Kh7
{Game drawn by mutual agreement}
1/2-1/2

[Event "ICC tourney 1905 (10 3)"]
[Site "Internet Chess Club"]
[Date "2020.07.05"]
[Round "8"]
[White "chessmate09520"]
[Black "Aniketshukla"]
[Result "1/2-1/2"]
[ICCResult "Game drawn by mutual agreement"]
[WhiteElo "1374"]
[BlackElo "1447"]
[Opening "French: advance, Paulsen attack"]
[ECO "C02"]
[NIC "FR.03"]
[Time "16:15:58"]
[TimeControl "600+3"]

1. e4 e6 2. d4 d5 3. e5 c5 4. c3 Nc6 5. Nf3 Qb6 6. a3 c4 7. Be2 Na5 8. Nbd2
Bd7 9. O-O Ne7 10. Re1 O-O-O 11. Nf1 h6 12. Rb1 g5 13. h3 Nb3 14. N3d2 Ba4
15. Nxb3 Bxb3 16. Qd2 Bg7 17. Bd1 Nf5 18. Bxb3 Qxb3 19. Qd1 Qxd1 20. Rxd1 f6
{Game drawn by mutual agreement}
1/2-1/2